 Dungeon Crawl Stone Soup version 0.17-a0-1946-gfb768fe (webtiles) character file.

382 HungrySpirit the Ruffian (level 6, -7/48 HPs)
             Began as a Ghoul Warper on Oct 1, 2015.
             Was an Initiate of Ru.
             Mangled by Edmund
             ... wielding a +2 dire flail of holy wrath
              (10 damage)
             ... on level 4 of the Dungeon.
             The game lasted 00:04:30 (2751 turns).

HungrySpirit the Ruffian (Ghoul Warper)             Turns: 2751, Time: 00:04:30

Health: -7/48      AC:  7    Str: 17    XL:     6   Next: 76%
Magic:  7/7        EV: 10    Int: 11    God:    Ru [......]
Gold:   68         SH:  0    Dex:  8    Spells: 1 memorised, 7 levels left

rFire  . . .     SeeInvis .       - Unarmed
rCold  + . .     Clarity  .     k - +0 ring mail
rNeg   + + +     SustAt   .     (no shield)
rPois  ∞         Gourm    .     n - +0 helmet
rElec  .         Spirit   .     q - +0 cloak
rCorr  .         Warding  .     (no gloves)
rMut   .         Stasis   .     (no boots)
MR     .....                    (no amulet)
Stlth  ..........               (no ring)
                                e - +3 ring of intelligence

@: rotting, not resistant to hostile enchantments, extremely unstealthy
A: rotting body, claws 1, carnivore 3, cold resistance 1, negative energy
resistance 3, slow healing 1, torment resistance, unbreathing
a: Renounce Religion


You were on level 4 of the Dungeon.
You worshipped Ru.
Ru was noncommittal.
You were not hungry.

You visited 2 branches of the dungeon, and saw 5 of its levels.

You collected 158 gold pieces.
You spent 90 gold pieces at shops.

Inventory:

Missiles
 d - 5 tomahawks of dispersal (quivered)
Armour
 k - a +0 ring mail (worn)
 n - a +0 helmet (worn)
 q - a +0 cloak (worn)
Jewellery
 e - a +3 ring of intelligence (left claw)
Magical devices
 s - a wand of confusion (10)
Scrolls
 a - 3 scrolls of teleportation {unknown}
 c - 2 scrolls of blinking
 f - 7 scrolls of identify {unknown}
 o - a scroll of immolation {unknown}
Potions
 i - 7 potions of curing
 j - 2 potions of cancellation {unknown}
 l - a potion of degeneration {unknown}
 p - 2 potions of flight {unknown}
 r - a potion of heal wounds {unknown}
Books
 b - a book of Spatial Translocations

   Spells                             Type                      Level
   a - Apportation                    Translocation                1
   b - Blink                          Translocation                2
   c - Shroud of Golubria             Charms/Translocation         2
   d - Portal Projectile              Translocation                3
   e - Teleport Other                 Translocation                3
   f - Passage of Golubria            Translocation                4
Comestibles
 g - 2 beef jerkies
 h - a chunk of flesh
 m - a slice of pizza
 t - a meat ration


   Skills:
 - Level 2.1 Fighting
 - Level 0.8 Throwing
 - Level 0.8 Armour
 - Level 1.7 Dodging
 * Level 7.6 Unarmed Combat
 - Level 1.7 Spellcasting
 - Level 2.6 Translocations


You had 7 spell levels left.
You knew the following spells:

 Your Spells              Type           Power        Failure   Level  Hunger
a - Apportation           Tloc           #.........   21%         1    ##.....


Dungeon Overview and Level Annotations

Branches:
Dungeon (4/15)             Temple (1/1) D:4

Altars:
Ashenzari
Elyvilon
Kikubaaqudgha
Makhleb
Ru
Trog
Vehumet
Yredelemnul
Zin
The Shining One

Annotations:
D:4 Edmund


Innate Abilities, Weirdness & Mutations

Your body is rotting away.
You thrive on raw meat.
You are immune to poison.
You have sharp fingernails.
You are carnivorous and can eat meat at any time.
Your flesh is cold resistant.
You are immune to negative energy.
You heal slowly when monsters are visible.
You are immune to unholy pain and torment.
You can survive without breathing.


Message History

You scratch Edmund but do no damage.
Edmund is heavily wounded.
Edmund barely misses you.
You scratch Edmund.
Edmund is severely wounded.
You scratch Edmund.
Edmund is severely wounded.
Edmund barely misses you.
You scratch Edmund.
Edmund is severely wounded.
Edmund zaps a wand.
You resist with some effort.
You scratch Edmund.
Edmund is almost dead.
Edmund completely misses you.
You scratch Edmund.
Edmund is almost dead.
Edmund hits you with a dire flail of holy wrath!
* * * LOW HITPOINT WARNING * * *
You convulse!
You die...

##.#.#. #..<...
######.#.#. .#
#.##....... . ####
#.##.#.#.#. #. #..#
#.......... #.. ##.##
##...#.#.#. ##..#
##..# ##..#...####
#....##@.####...##..#
# ##.....#@.##.....#
..#
#............###..##.#
.@..........## #(.# ..
# ............#
##..#.>###
.#####......# .....#..
.........# ........
......#....# ...# #
............ #


You could see Edmund.

Vanquished Creatures
  2 ogres (D:3)
  An iguana (D:4)
  An orc priest (D:3)
  2 worker ants
  3 adders
  An ooze (D:1)
  A worm (D:2)
  3 giant geckos
  4 orcs
  7 bats
  3 giant cockroaches
  6 goblins
  5 hobgoblins
  3 jackals (D:3)
  2 quokkas
  2 ball pythons
  A giant gecko skeleton (D:4)
  2 giant newts
  9 kobolds
  9 rats
67 creatures vanquished.

Notes
Turn   | Place    | Note
--------------------------------------------------------------
     0 | D:1      | HungrySpirit the Ghoul Warper began the quest for the Orb.
     0 | D:1      | Reached XP level 1. HP: 17/17 MP: 2/2
    40 | D:1      | Reached XP level 2. HP: 15/24 MP: 3/3
    79 | D:1      | Reached skill level 3 in Unarmed Combat
   232 | D:1      | Reached XP level 3. HP: 29/29 MP: 4/4
   638 | D:1      | Reached skill level 4 in Unarmed Combat
  1379 | D:3      | Reached XP level 4. HP: 36/36 MP: 5/5
  1499 | D:3      | Found Zin's Purification Station.
  1500 | D:3      | Found a glowing silver altar of Zin.
  1507 | D:3      | Bought a potion of curing for 90 gold pieces
  1616 | D:3      | Noticed an ogre
  1629 | D:3      | Killed an ogre
  1629 | D:3      | Reached skill level 6 in Unarmed Combat
  1629 | D:3      | Reached XP level 5. HP: 21/41 MP: 6/6
  1774 | D:3      | Noticed an ogre
  1784 | D:3      | Killed an ogre
  1784 | D:3      | Reached XP level 6. HP: 48/48 MP: 7/7
  1915 | D:4      | Found a staircase to the Ecumenical Temple.
  1923 | D:3      | Reached skill level 7 in Unarmed Combat
  1949 | Temple   | Entered the Ecumenical Temple
  2432 | Temple   | Became a worshipper of Ru the Awakened
  2594 | D:4      | Found an ancient bone altar of Kikubaaqudgha.
  2729 | D:4      | Noticed Edmund
  2751 | D:4      | Mangled by Edmund

Vault maps used:
D:1:      minmay_arrival_radiant_lines
D:2:      minmay_curled_crystal
D:3:      zin_purify, first_bread, wad_rectangle_vault
D:4:      lemuel_doored_altar, minmay_temple_entry_statues_pillars,
          st_stairs_12, uniq_edmund, uniq_crazy_yiuf_cottage, uniq_grinder
Temple:   minmay_temple_bridge_d_8

Action                   |  1- 3 |  4- 6 || total
-------------------------+-------+-------++-------
Melee: Unarmed           |   141 |   138 ||   279
Evoke: Wand              |       |     4 ||     4
  Eat: Chunk             |     9 |    12 ||    21
       Meat ration       |       |     1 ||     1
